 Dungeon Crawl Stone Soup version 0.23.2-33-g5129a83184 (webtiles) character file.

Game seed: 17054657828897301192

1256 FunkyPutin the Basher (level 8, -9/48 HPs)
             Began as a Gargoyle Fighter on July 29, 2019.
             Was a Believer of the Shining One.
             Mangled by a cyclops (22 damage)
             ... on level 6 of the Dungeon.
             The game lasted 00:11:28 (4237 turns).

FunkyPutin the Basher (Gargoyle Fighter)            Turns: 4237, Time: 00:11:29

Health: -9/48      AC: 12    Str: 23    XL:     8   Next: 51%
Magic:  10/10      EV:  7    Int:  8    God:    the Shining One [**....]
Gold:   259        SH:  9    Dex:  9    Spells: 7/7 levels left

rFire    + . .     SeeInvis .   a - +0 flail
rCold    . . .     Gourm    .   c - +0 shield
rNeg     + + .     Faith    .   b - +0 scale mail
rPois    ∞         Spirit   .   (no helmet)
rElec    +         Reflect  .   (no cloak)
rCorr    .         Harm     .   (no gloves)
MR       .....                  (no boots)
Stlth    ..........             j - amulet of regeneration
HPRegen  0.56/turn              g - ring of protection from fire
MPRegen  0.12/turn              (no ring)

@: glowing, studying Unarmed Combat
A: negative energy resistance 1, electricity resistance, unbreathing,
petrification resistance, rot immunity, AC +5
a: Divine Shield, Renounce Religion


You were on level 6 of the Dungeon.
You worshipped the Shining One.
The Shining One was pleased with you.
You were hungry.

You visited 1 branch of the dungeon, and saw 6 of its levels.
You also visited: Sewer.

You collected 259 gold pieces.

Inventory:

Hand Weapons
 a - a +0 flail (weapon)
Armour
 b - a +0 scale mail (worn)
 c - a +0 shield (worn)
 p - a +0 large shield
Magical Staves
 x - an uncursed staff of earth {unknown}
Jewellery
 g - a ring of protection from fire (left hand)
 j - an amulet of regeneration (around neck)
 z - a cursed amulet of magic regeneration {unknown}
Wands
 n - a wand of flame (22)
Scrolls
 i - 2 scrolls of random uselessness
 m - 2 scrolls of remove curse
 t - a scroll of fog {unknown}
 w - 3 scrolls of identify
 y - a scroll of amnesia
Potions
 d - 2 potions of might
 e - a potion of invisibility {unknown}
 h - 2 potions of heal wounds {unknown}
 k - a potion of resistance {unknown}
 l - 4 potions of curing {unknown}
 o - 4 potions of flight {unknown}
 q - a potion of agility {unknown}
 r - 3 potions of degeneration {unknown}
 s - a potion of berserk rage {unknown}
 u - a potion of haste {unknown}
 v - a potion of brilliance {unknown}
Books
 B - a manual of Unarmed Combat
Comestibles
 f - 10 rations
 A - 4 chunks of flesh


   Skills:
 + Level 4.9 Fighting
 * Level 8.6 Maces & Flails
 - Level 3.9 Armour
 - Level 4.3 Shields
 * Level 2.9 Invocations


You had 7 spell levels left.
You didn't know any spells.
Your spell library contained the following spells:

 Spells                   Type           Power        Failure   Level  Hunger
 Corona                   Hex            #......      99%         1    ##.....
 Ensorcelled Hibernation  Hex/Ice        #.....       100%        2    ###....
 Confuse                  Hex            #.......     100%        3    ####...
 Dazzling Spray           Conj/Hex       #.....       100%        3    ####...
 Tukima's Dance           Hex            #.......     100%        3    ####...


Dungeon Overview and Level Annotations

Branches:
Dungeon (6/15)             Temple (0/1) D:5

Altars:
Elyvilon
Kikubaaqudgha
Okawaru
Wu Jian
The Shining One


Innate Abilities, Weirdness & Mutations

You are resistant to torment.
Your stone body is resilient. (AC +5)
You are immune to poison.
You resist negative energy. (rN+)
You are resistant to electric shocks. (rElec)
You can survive without breathing.
You are immune to petrification.
You are immune to rotting.


Message History

You are too injured to fight recklessly!
You are too injured to fight recklessly!
You are too injured to fight recklessly!
You are too injured to fight recklessly!
You are too injured to fight recklessly!
You are too injured to fight recklessly!
You are too injured to fight recklessly!
You are too injured to fight recklessly!
You are too injured to fight recklessly!
You are too injured to fight recklessly!
You are too injured to fight recklessly!
You hit the cyclops but do no damage.
The cyclops is heavily wounded.
The cyclops closely misses you.
You hit the cyclops but do no damage.
The cyclops is heavily wounded.
You sock the cyclops!
The cyclops is severely wounded.
The cyclops hits you!!
You die...

...##..# ..[..#.#
...)...# .#.....#
.....#.######
....#....>..#
...##.......####
...........(..(#####
.####.......##..@C.#
## #.......######.#
######### #


You could see a cyclops.

Vanquished Creatures
  2 ice beasts (D:5)
  Purgy (Sewer)
  A sky beast (D:5)
  2 centaurs (D:6)
  A scorpion (D:6)
  A howler monkey (D:5)
  A jelly (D:5)
  2 crimson imps (D:5)
  A bullfrog zombie (D:5)
  A hound (D:6)
  A bullfrog skeleton (D:5)
  An iguana (D:5)
  Terence (D:3)
  A killer bee zombie (D:5)
  A hound skeleton (D:4)
  Robin (D:2)
  13 gnolls
  6 adders
  4 shadow imps
  5 worms
  4 dart slugs
  4 leopard geckos
  10 orcs
  5 bats
  A bat zombie (D:3)
  13 giant cockroaches
  14 goblins
  13 hobgoblins
  8 jackals
  10 kobolds
  4 quokkas
  6 frilled lizards
  A leopard gecko skeleton (D:5)
  6 rats
146 creatures vanquished.

Notes
Turn   | Place    | Note
-------+----------+-------------------------------------------
     0 | D:1      | FunkyPutin the Gargoyle Fighter began the quest for the
                  | Orb.
     0 | D:1      | Reached XP level 1. HP: 14/14 MP: 1/1
   152 | D:1      | Reached XP level 2. HP: 19/19 MP: 2/2
   499 | D:1      | Reached XP level 3. HP: 23/23 MP: 3/3
   914 | D:2      | Noticed Robin
   930 | D:2      | Reached skill level 3 in Maces & Flails
   943 | D:2      | Reached XP level 4. HP: 25/28 MP: 4/4
   952 | D:2      | Killed Robin
  1024 | D:2      | Reached XP level 5. HP: 29/33 MP: 5/5
  1140 | D:2      | Found an iron altar of Okawaru.
  1308 | D:3      | Found a glowing golden altar of the Shining One.
  1321 | D:3      | Noticed Terence
  1338 | D:3      | Killed Terence
  1338 | D:3      | Reached skill level 4 in Maces & Flails
  1364 | D:3      | Became a worshipper of the Shining One
  1509 | D:3      | Found an ancient bone altar of Kikubaaqudgha.
  1669 | D:3      | Found a glowing drain.
  1674 | Sewer    | Entered a sewer
  1691 | Sewer    | Noticed Purgy
  1726 | Sewer    | Killed Purgy
  1726 | Sewer    | Reached skill level 5 in Maces & Flails
  1726 | Sewer    | Reached XP level 6. HP: 13/38 MP: 6/6
  1999 | D:3      | Reached skill level 1 in Invocations
  2027 | D:3      | Found an ornate altar of the Wu Jian Council.
  2145 | D:3      | Found a white marble altar of Elyvilon.
  3083 | D:5      | Entered Level 5 of the Dungeon
  3094 | D:5      | Noticed an ice beast
  3103 | D:5      | Killed an ice beast
  3103 | D:5      | Reached XP level 7. HP: 36/43 MP: 6/8
  3107 | D:5      | Reached skill level 6 in Maces & Flails
  3113 | D:5      | Reached * piety under the Shining One
  3260 | D:5      | Found a staircase to the Ecumenical Temple.
  3358 | D:5      | Reached skill level 7 in Maces & Flails
  3547 | D:5      | Reached XP level 8. HP: 48/48 MP: 9/9
  4092 | D:6      | Reached skill level 8 in Maces & Flails
  4202 | D:6      | Reached ** piety under the Shining One
  4224 | D:6      | Noticed a cyclops
  4237 | D:6      | Mangled by a cyclops

Skill      XL: |  1  2  3  4  5  6  7  8 |
---------------+-------------------------+-----
Maces & Flails | 3 5 7 8 |  8.6
Shields        | 4 |  4.3
Invocations    | 1 2 |  2.9
Fighting       | 4 |  4.9
Armour         | |  3.9

Action                   |  1- 3 |  4- 6 |  7- 9 || total
-------------------------+-------+-------+-------++-------
Melee: Flail             |   114 |   277 |   175 ||   566
  Use: Scroll            |     3 |     4 |       ||     7
       Potion            |     1 |     1 |       ||     2
  Eat: Chunk             |       |     7 |     1 ||     8
       Ration            |       |       |     1 ||     1
Armor: Scale mail        |    60 |   185 |    93 ||   338
Dodge: Dodged            |    35 |    97 |    36 ||   168
Block: Shield            |    66 |   180 |    85 ||   331
